 Dungeon Crawl Stone Soup version 0.22-a0-348-gd16d139 (webtiles) character file.

13492 xccam the Martial Artist (level 12, -11/144 HPs)
             Began as a Gnoll Monk on Apr 7, 2018.
             Was an Elder of Qazlal.
             Mangled by a sun demon (29 damage)
             ... summoned by an obsidian statue
             ... on level 10 of the Dungeon.
             The game lasted 00:25:58 (9922 turns).

xccam the Martial Artist (Gnoll Monk)               Turns: 9922, Time: 00:25:59

Health: -11/144    AC:  2    Str: 24      XL:     12   Next: 6%
Magic:  15/22      EV:  2    Int: 15      God:    Qazlal [****..]
Gold:   262        SH: 13    Dex: 17 (18) Spells: 24/24 levels left

rFire    . . .     SeeInvis +     - Unarmed
rCold    . . .     Gourm    .   H - +2 buckler
rNeg     + + +     Faith    .   (armour currently unavailable)
rPois    +         Spirit   .   (helmet currently unavailable)
rElec    .         Reflect  .   (cloak currently unavailable)
rCorr    .         Harm     .   (gloves currently unavailable)
MR       .....     NoTele   +   (boots currently unavailable)
Stlth    ++........             (no amulet)
HPRegen  0.34/turn              k - +3 ring of strength
MPRegen  0.18/turn              L - ring of see invisible

@: mighty, tree-form (expiring), corroded, repel missiles
A: distributed training, strong nose
a: Upheaval, Elemental Force, Renounce Religion


You were on level 10 of the Dungeon.
You worshipped Qazlal.
Qazlal was greatly pleased with you.
You were not hungry.
You were a tree.
You visited 1 branch of the dungeon, and saw 10 of its levels.

You collected 548 gold pieces.
You spent 286 gold pieces at shops.

Inventory:

Hand Weapons
 r - a +3 long sword of slicing
 v - the +1 mace of Departure {crush, rN+ Str+4 Stlth+}
   (You found it on level 9 of the Dungeon)

   It inflicts extra damage upon your enemies.
   It affects your strength (+4).
   It protects you from negative energy.
   It makes you more stealthy.
 z - a +0 whip of electrocution
Armour
 m - a +1 cloak (melded)
 s - a +0 pair of gloves (melded)
 C - a +0 plate armour (melded)
 H - a +2 buckler (worn)
 I - a +2 pair of boots (melded)
Jewellery
 k - a +3 ring of strength (left branch)
 w - an uncursed ring of fire
 B - an uncursed ring of resist corrosion
 L - a ring of see invisible (right branch)
 N - an uncursed ring of fire
Wands
 a - a wand of paralysis (3)
 p - a wand of disintegration (7)
 t - a wand of scattershot (2)
 u - a wand of flame (23)
 x - a wand of acid (12)
 y - a wand of random effects (34)
 D - a wand of polymorph (12)
 E - a wand of digging (11)
Scrolls
 d - 3 scrolls of enchant armour
 g - 2 scrolls of remove curse
 h - 3 scrolls of fear
 j - a scroll of identify
 l - a scroll of fog
 o - 7 scrolls of teleportation
 G - a scroll of amnesia
 J - a scroll of immolation
 K - a scroll of enchant weapon
Potions
 c - a potion of flight
 e - 9 potions of curing
 i - a potion of mutation
 q - 2 potions of haste
 A - 3 potions of might
 F - a potion of brilliance
 M - 2 potions of berserk rage
Comestibles
 b - 31 rations


   Skills:
 + Level 9.5 Fighting
 + Level 6.8 Short Blades
 + Level 6.8 Long Blades
 + Level 6.8 Axes
 + Level 6.8 Maces & Flails
 + Level 6.8 Polearms
 + Level 6.8 Staves
 + Level 6.8 Slings
 + Level 6.8 Bows
 + Level 6.8 Crossbows
 + Level 6.8 Throwing
 + Level 6.8 Armour
 + Level 9.5 Dodging
 + Level 8.0 Stealth
 + Level 6.8 Shields
 + Level 9.5 Unarmed Combat
 + Level 6.8 Spellcasting
 + Level 5.6 Conjurations
 + Level 5.6 Hexes
 + Level 5.6 Charms
 + Level 5.6 Summonings
 + Level 5.6 Necromancy
 + Level 5.6 Translocations
 + Level 5.6 Transmutations
 + Level 5.6 Fire Magic
 + Level 5.6 Ice Magic
 + Level 5.6 Air Magic
 + Level 5.6 Earth Magic
 + Level 5.6 Poison Magic
 + Level 7.4 Invocations
 + Level 6.8 Evocations


You had 24 spell levels left.
You didn't know any spells.

Dungeon Overview and Level Annotations

Branches:
Dungeon (10/15)            Temple (0/1) D:5             Orc (0/2) D:10
   Lair: D:8-11

Altars:
Cheibriados
Elyvilon
Hepliaklqana
Makhleb
Qazlal
Ru
Sif Muna
Vehumet
Wu Jian
Yredelemnul

Shops:
D:10 *!

Annotations:
D:10 exclusion: obsidian statue


Innate Abilities, Weirdness & Mutations

Your experience applies equally to all skills.
((You have very sharp teeth.))
Your uncanny sense of smell can sniff out nearby items.
((Armour fits poorly on your strangely shaped body.))


Message History

The rust devil partially resists.
The rust devil is almost dead.
You can no longer call upon nature's wrath in a wide area around you.
The sun demon hits you!
You are engulfed in flames!
* * * LOW HITPOINT WARNING * * *
You block the rust devil's attack. The sun demon hits you!!
* * * LOW HITPOINT WARNING * * *
You are engulfed in flames!
* * * LOW HITPOINT WARNING * * *
Unknown command.
Unknown command.
You feel much better. The rust devil hits you!
* * * LOW HITPOINT WARNING * * *
The rust devil corrodes you! You block the sun demon's attack.
Unknown command.
You feel very mighty all of a sudden.
You feel less protected from cold. You block the rust devil's attack.
The sun demon is engulfed in freezing vapours.
The sun demon hits you!!
You die...

[......'##########....#
♣.♣................####
)♣..............'#.######
♣)♣.....................###
..................≈.....'.#
♣.♣.....................#.....>.
.♣........8....§........########
♣.♣...........§4§.§.....#
)..............3♣########
##............§§.#
###.............# .............#
#########....# ######


You could see an obsidian statue, a sun demon and a rust devil.

Vanquished Creatures
  5 two-headed ogres
  The ghost of xccam the Fighter, a novice GnWn of Cheibriados (D:7)
  The ghost of xccam the Fighter, a novice GnWn of Cheibriados (D:8)
  An unseen horror (D:10)
  Pikel (D:6)
  A necromancer (D:9)
  A centaur zombie (D:9)
  Joseph (D:7)
  A troll (D:10)
  A hippogriff (D:9)
  Sigmund (D:2)
  A wraith (D:10)
  A human (D:10)
  A steam dragon (D:10)
  4 yaks
  3 hogs (D:10)
  Grum (D:9)
  A water moccasin (D:8)
  2 orc warriors
  A black bear (D:8)
  5 sky beasts
  3 ice beasts
  A slave (D:6)
  7 ogres
  3 wolves (D:9)
  A crocodile (D:9)
  2 centaurs (D:9)
  3 bullfrogs
  2 scorpions
  4 killer bees (D:8)
  4 wights (D:8)
  2 jellies
  2 howler monkeys
  9 crimson imps
  2 bullfrog zombies (D:8)
  6 orc priests
  4 hounds
  A bullfrog skeleton (D:8)
  A gnoll shaman (D:8)
  6 orc wizards
  3 centaur skeletons
  4 iguanas
  Natasha (thrice) (D:2)
  9 worker ants
  2 wolf simulacra (D:9)
  3 polar bear simulacra (D:9)
  4 yak simulacra (D:9)
  A hound skeleton (D:9)
  2 worker ant zombies
  11 gnolls
  A howler monkey skeleton (D:8)
  16 adders
  A shadow imp (D:6)
  An adder skeleton (D:8)
  6 worms
  2 dart slugs
  7 leopard geckos
  34 orcs
  5 giant cockroaches
  7 goblins
  8 hobgoblins
  15 jackals
  3 quokkas
  A ball python (D:3)
  6 bats
  6 frilled lizards
  2 jackal zombies (D:8)
  2 kobolds (D:2)
  A leopard gecko zombie (D:5)
  A quokka zombie (D:7)
  7 rats
  2 river rat simulacra (D:9)
274 creatures vanquished.

Notes
Turn   | Place    | Note
-------+----------+-------------------------------------------
     0 | D:1      | xccam the Gnoll Monk began the quest for the Orb.
     0 | D:1      | Reached XP level 1. HP: 23/23 MP: 1/1
    91 | D:1      | Reached XP level 2. HP: 15/29 MP: 2/2
  1029 | D:2      | Reached XP level 3. HP: 33/35 MP: 3/3
  1086 | D:2      | Noticed Sigmund
  1103 | D:2      | Reached skill level 1 in Invocations
  1119 | D:2      | Killed Sigmund
  1119 | D:2      | Reached skill level 1 in Short Blades
  1119 | D:2      | Reached skill level 1 in Long Blades
  1119 | D:2      | Reached skill level 1 in Axes
  1119 | D:2      | Reached skill level 1 in Maces & Flails
  1119 | D:2      | Reached skill level 1 in Polearms
  1119 | D:2      | Reached skill level 1 in Staves
  1119 | D:2      | Reached skill level 1 in Slings
  1119 | D:2      | Reached skill level 1 in Bows
  1119 | D:2      | Reached skill level 1 in Crossbows
  1119 | D:2      | Reached skill level 1 in Throwing
  1119 | D:2      | Reached skill level 1 in Armour
  1119 | D:2      | Reached skill level 1 in Shields
  1119 | D:2      | Reached skill level 1 in Spellcasting
  1119 | D:2      | Reached skill level 1 in Conjurations
  1119 | D:2      | Reached skill level 1 in Hexes
  1119 | D:2      | Reached skill level 1 in Charms
  1119 | D:2      | Reached skill level 1 in Summonings
  1119 | D:2      | Reached skill level 1 in Necromancy
  1119 | D:2      | Reached skill level 1 in Translocations
  1119 | D:2      | Reached skill level 1 in Transmutations
  1119 | D:2      | Reached skill level 1 in Fire Magic
  1119 | D:2      | Reached skill level 1 in Ice Magic
  1119 | D:2      | Reached skill level 1 in Air Magic
  1119 | D:2      | Reached skill level 1 in Earth Magic
  1119 | D:2      | Reached skill level 1 in Poison Magic
  1119 | D:2      | Reached skill level 1 in Evocations
  1119 | D:2      | Reached XP level 4. HP: 23/41 MP: 4/6
  1119 | D:2      | Reached XP level 5. HP: 26/47 MP: 4/7
  1232 | D:2      | Found a stormy altar of Qazlal.
  1260 | D:2      | Became a worshipper of Qazlal Stormbringer
  1260 | D:2      | Reached * piety under Qazlal
  1260 | D:2      | Reached ** piety under Qazlal
  1271 | D:2      | Noticed Natasha
  1277 | D:2      | Killed Natasha
  1277 | D:2      | Reached XP level 6. HP: 32/53 MP: 8/8
  1377 | D:2      | Noticed Natasha
  1383 | D:2      | Killed Natasha
  2016 | D:2      | Noticed Natasha
  2028 | D:2      | Killed Natasha
  2149 | D:3      | Reached XP level 7. HP: 40/59 MP: 10/10
  2646 | D:3      | Found a hazy altar of Hepliaklqana.
  2648 | D:3      | Found a sacrificial altar of Ru.
  2808 | D:4      | Reached *** piety under Qazlal
  2849 | D:4      | Reached skill level 5 in Stealth
  2908 | D:4      | Reached XP level 8. HP: 42/67 MP: 12/12
  3459 | D:5      | Entered Level 5 of the Dungeon
  4301 | D:5      | Found a staircase to the Ecumenical Temple.
  4408 | D:6      | Reached XP level 9. HP: 46/72 MP: 14/14
  4416 | D:6      | Found a snail-covered altar of Cheibriados.
  4441 | D:6      | Noticed Pikel
  4453 | D:6      | Killed Pikel
  4891 | D:6      | Reached **** piety under Qazlal
  5414 | D:7      | Found an ornate altar of the Wu Jian Council.
  5537 | D:7      | Noticed xccam's ghost (novice GnWn)
  5597 | D:7      | Killed xccam's ghost
  5597 | D:7      | Reached skill level 5 in Invocations
  5597 | D:7      | Reached XP level 10. HP: 34/80 MP: 15/17
  5623 | D:7      | Noticed Joseph
  5648 | D:7      | Killed Joseph
  5728 | D:7      | Reached skill level 5 in Short Blades
  5728 | D:7      | Reached skill level 5 in Long Blades
  5728 | D:7      | Reached skill level 5 in Axes
  5728 | D:7      | Reached skill level 5 in Maces & Flails
  5728 | D:7      | Reached skill level 5 in Polearms
  5728 | D:7      | Reached skill level 5 in Staves
  5728 | D:7      | Reached skill level 5 in Slings
  5728 | D:7      | Reached skill level 5 in Bows
  5728 | D:7      | Reached skill level 5 in Crossbows
  5728 | D:7      | Reached skill level 5 in Throwing
  5728 | D:7      | Reached skill level 5 in Armour
  5728 | D:7      | Reached skill level 5 in Shields
  5728 | D:7      | Reached skill level 5 in Spellcasting
  5728 | D:7      | Reached skill level 5 in Evocations
  5934 | D:7      | Found a basalt altar of Yredelemnul.
  6403 | D:8      | Noticed a two-headed ogre
  6408 | D:8      | Noticed a two-headed ogre
  6421 | D:8      | Killed a two-headed ogre
  6427 | D:8      | Killed a two-headed ogre
  6600 | D:8      | Noticed xccam's ghost (novice GnWn)
  6641 | D:8      | Killed xccam's ghost
  6641 | D:8      | Reached XP level 11. HP: 53/87 MP: 19/19
  6849 | D:8      | Found a white marble altar of Elyvilon.
  7576 | D:9      | Found a deep blue altar of Sif Muna.
  7679 | D:9      | Noticed Grum
  7697 | D:9      | Killed Grum
  7697 | D:9      | Reached skill level 5 in Conjurations
  7697 | D:9      | Reached skill level 5 in Hexes
  7697 | D:9      | Reached skill level 5 in Charms
  7697 | D:9      | Reached skill level 5 in Summonings
  7697 | D:9      | Reached skill level 5 in Necromancy
  7697 | D:9      | Reached skill level 5 in Translocations
  7697 | D:9      | Reached skill level 5 in Transmutations
  7697 | D:9      | Reached skill level 5 in Fire Magic
  7697 | D:9      | Reached skill level 5 in Ice Magic
  7697 | D:9      | Reached skill level 5 in Air Magic
  7697 | D:9      | Reached skill level 5 in Earth Magic
  7697 | D:9      | Reached skill level 5 in Poison Magic
  7703 | D:9      | Noticed a two-headed ogre
  7719 | D:9      | Killed a two-headed ogre
  8150 | D:9      | Noticed a necromancer
  8163 | D:9      | Killed a necromancer
  8218 | D:9      | Got a faintly glowing mace
  8219 | D:9      | Identified the cursed +1 mace of Departure {crush, rN+ Str+4 Stlth+} (You found it on level 9 of the Dungeon)
  8390 | D:9      | Found a burning altar of Makhleb.
  8394 | D:9      | Found a radiant altar of Vehumet.
  8584 | D:9      | Reached ***** piety under Qazlal
  8718 | D:10     | Entered Level 10 of the Dungeon
  8733 | D:10     | Found a staircase to the Orcish Mines.
  8764 | D:10     | Noticed a two-headed ogre
  8767 | D:10     | Noticed a two-headed ogre
  8771 | D:10     | HP: 1/89 [two-headed ogre/giant club (14)]
  8785 | D:10     | Killed a two-headed ogre
  9164 | D:10     | Found Mamaabla's Distillery.
  9168 | D:10     | Bought a potion of berserk rage for 65 gold pieces
  9168 | D:10     | Bought a potion of mutation for 104 gold pieces
  9168 | D:10     | Bought a potion of heal wounds for 65 gold pieces
  9168 | D:10     | Bought a potion of might for 52 gold pieces
  9238 | D:10     | Found Qyrynox's Assorted Antiques.
  9353 | D:10     | Noticed an obsidian statue
  9370 | D:10     | Noticed an unseen horror
  9398 | D:10     | Killed an unseen horror
  9521 | D:10     | Killed a two-headed ogre
  9623 | D:10     | Reached XP level 12. HP: 91/96 MP: 22/22
  9874 | D:10     | Noticed a sun demon
  9903 | D:10     | Gained mutation: Armour fits poorly on your strangely shaped body. [a neqoxec]
  9913 | D:10     | Noticed a sun demon
  9920 | D:10     | HP: 1/144 [sun demon[an obsidian statue] (13)]
  9922 | D:10     | Mangled by a sun demon

Vault maps used:
D:1:      tarquinn_simple_flora_water_f
D:2:      grunt_qazlal_clouds, minmay_tree_intersection, uniq_sigmund,
          uniq_natasha
D:3:      minmay_wonky_spiral, nicolae_overflow_hidden_temple, first_ration
D:4:      cheibrodos_barr_body
D:5:      kennysheep_six_static_rooms, minmay_temple_entry_statues
D:6:      kennysheep_mini_moat, dk_vineyard_3, uniq_pikel
D:7:      lemuel_crystal_altar, lemuel_crystal_altar, uniq_joseph
D:8:      elyvilon_altar_5
D:9:      grunt_temple_overflow_lords_of_destruction, kennysheep_little_box,
          eino_house_with_fridge, uniq_grum
D:10:     orc_0_dummy, serial_shops, shop, grunt_livestock, minivault_16,
          minmay_shop_grid_forest

Skill      XL: |  1  2  3  4  5  6  7  8  9 10 11 |
---------------+----------------------------------+-----
Invocations    | 1 2 3 4 5 6 7 |  7.4
Short Blades   | 1 2 3 4 5 6 |  6.8
Long Blades    | 1 2 3 4 5 6 |  6.8
Axes           | 1 2 3 4 5 6 |  6.8
Maces & Flails | 1 2 3 4 5 6 |  6.8
Polearms       | 1 2 3 4 5 6 |  6.8
Staves         | 1 2 3 4 5 6 |  6.8
Slings         | 1 2 3 4 5 6 |  6.8
Bows           | 1 2 3 4 5 6 |  6.8
Crossbows      | 1 2 3 4 5 6 |  6.8
Throwing       | 1 2 3 4 5 6 |  6.8
Armour         | 1 2 3 4 5 6 |  6.8
Shields        | 1 2 3 4 5 6 |  6.8
Spellcasting   | 1 2 3 4 5 6 |  6.8
Conjurations   | 1 2 3 4 5 |  5.6
Hexes          | 1 2 3 4 5 |  5.6
Charms         | 1 2 3 4 5 |  5.6
Summonings     | 1 2 3 4 5 |  5.6
Necromancy     | 1 2 3 4 5 |  5.6
Translocations | 1 2 3 4 5 |  5.6
Transmutations | 1 2 3 4 5 |  5.6
Fire Magic     | 1 2 3 4 5 |  5.6
Ice Magic      | 1 2 3 4 5 |  5.6
Air Magic      | 1 2 3 4 5 |  5.6
Earth Magic    | 1 2 3 4 5 |  5.6
Poison Magic   | 1 2 3 4 5 |  5.6
Evocations     | 1 2 3 4 5 6 |  6.8
Fighting       | 7 8 9 |  9.5
Dodging        | 7 8 9 |  9.5
Unarmed Combat | 7 8 9 |  9.5
Stealth        | 5 6 7 8 |  8.0

Action                   |  1- 3 |  4- 6 |  7- 9 | 10-12 || total
-------------------------+-------+-------+-------+-------++-------
Melee: Unarmed           |    59 |   125 |   432 |   489 ||  1105
       Bite              |     5 |    15 |    66 |    81 ||   167
       Punch             |       |     5 |     8 |       ||    13
       Mace              |       |       |       |    55 ||    55
Invok: Upheaval          |       |     1 |       |     2 ||     3
       Disaster Area     |       |       |       |     1 ||     1
Evoke: Wand              |       |       |     5 |    14 ||    19
  Use: Potion            |     7 |       |       |     6 ||    13
       Scroll            |       |       |       |    21 ||    21
 Stab: Sleeping          |     6 |     1 |       |       ||     7
       Paralysed         |       |       |     5 |     3 ||     8
  Eat: Chunk             |       |     4 |    11 |     8 ||    23
       Ration            |       |       |       |     2 ||     2
Armor: Robe              |     3 |    16 |     2 |       ||    21
       Chain mail        |       |       |   100 |       ||   100
       Plate armour      |       |       |    25 |   179 ||   204
       Skin              |       |       |       |    60 ||    60
Dodge: Dodged            |    33 |    95 |   148 |   199 ||   475
       Deflected         |       |       |       |     3 ||     3
Block: Other             |       |    12 |    29 |       ||    41
       Buckler           |       |       |    32 |   433 ||   465

Table legend:
 A = Spawn XP
 B = Non-spawn XP
 C = Spawn XP percentage of total XP
 D = Spawn monster count
 E = Non-spawn monster count
 F = Spawn count percentage of total count
 G = Total turns spent on level
                    A         B        C        D         E        F      G
               +---------+---------+-------+---------+---------+-------+---------
         Total |       0 |   19275 |   0.0 |       0 |     273 |   0.0 |  9922
               +---------+---------+-------+---------+---------+-------+---------
           D:1 |       0 |      26 |   0.0 |       0 |      12 |   0.0 |  1138
           D:2 |       0 |     505 |   0.0 |       0 |      31 |   0.0 |   918
           D:3 |       0 |     209 |   0.0 |       0 |      38 |   0.0 |   642
           D:4 |       0 |     555 |   0.0 |       0 |      24 |   0.0 |   761
           D:5 |       0 |     975 |   0.0 |       0 |      25 |   0.0 |   921
           D:6 |       0 |    1121 |   0.0 |       0 |      11 |   0.0 |   838
           D:7 |       0 |    2521 |   0.0 |       0 |      24 |   0.0 |  1183
           D:8 |       0 |    4428 |   0.0 |       0 |      41 |   0.0 |  1098
           D:9 |       0 |    3863 |   0.0 |       0 |      36 |   0.0 |  1577
          D:10 |       0 |    5072 |   0.0 |       0 |      31 |   0.0 |   846
               +---------+---------+-------+---------+---------+-------+---------
